 Dungeon Crawl Stone Soup version 0.28.0 (webtiles) character file.

Game seed: 12113327862244687879

887 Descartes the Skirmisher (level 8, -10/56 (62) HPs)
             Began as a Formicid Warper on Feb 7, 2022.
             Mangled by a wyvern (14 damage)
             ... on level 7 of the Dungeon.
             The game lasted 00:12:36 (6495 turns).

Descartes the Skirmisher (Formicid Warper)          Turns: 6495, Time: 00:12:37

HP:   -10/56 (62)   AC: 20    Str: 15 (18) XL:     8   Next: 26%
MP:   11/11         EV:  0    Int: 11 (13) God:
Gold: 157           SH:  0    Dex:  7 (10) Spells: 11/11 levels left

rFire   . . .      SeeInvis +   B - +5 hand axe
rCold   + + +      Faith    .   (no shield)
rNeg    . . .      Spirit   .   e - +1 crystal plate armour of Yleat {+Blink rC+++ Slay-2}
rPois   .          Reflect  .   (helmet unavailable)
rElec   .          Harm     .   (no cloak)
rCorr   .          Rampage  .   r - +0 pair of gloves
Will    .....                   x - +0 pair of boots
Stlth   ..........              (no amulet)
HPRegen 0.18/turn               (no ring)
MPRegen 0.12/turn               (no ring)

@: drained
A: permanent stasis, dig shafts and tunnels, antennae 3, four strong arms
a: Dig, Shaft Self


You were on level 7 of the Dungeon.
You visited 1 branch of the dungeon, and saw 5 of its levels.

You collected 157 gold pieces.

Inventory:

Hand Weapons
 g - a +4 spear
 j - a +0 dagger of freezing
 k - a +2 flail of freezing
 q - a +2 dagger of pain
 B - a +5 hand axe (weapon)
 C - a +1 spear of freezing
Missiles
 c - 4 boomerangs of dispersal (quivered)
 d - 43 arrows
 i - 14 stones
 m - 34 bolts
 n - 47 sling bullets
 p - 8 poisoned darts
Armour
 e - the +1 crystal plate armour of Yleat (worn) {+Blink rC+++ Slay-2}
   (You acquired it on level 7 of the Dungeon)

   Slay:      It affects your accuracy & damage with ranged weapons and melee
   (-2).
   rC:        It renders you almost immune to cold.
   +Blink:    It lets you blink.
 h - a +0 plate armour
 r - a +0 pair of gloves (worn)
 x - a +0 pair of boots (worn)
 z - a +1 robe of fire resistance
Wands
 v - a wand of charming (10)
Scrolls
 b - a scroll of enchant weapon
 f - a scroll of enchant armour
 s - 3 scrolls of teleportation
 y - a scroll of fear
Potions
 a - a potion of magic
 l - a potion of haste


   Skills:
 - Level 5.0 Fighting
 + Level 3.4(4.3) Axes
 + Level 3.7(4.4) Polearms
 - Level 1.0 Throwing
 + Level 4.6 Armour
 - Level 1.7 Dodging
 - Level 2.1 Spellcasting
 + Level 4.7 Translocations


You had 11 spell levels left.
You didn't know any spells.
Your spell library contained the following spells:

 Spells                   Type           Power      Damage    Failure   Level
 Scorch                   Fire           2%         2d5       100%        2
 Gell's Gravitas          Tloc           11%        N/A       100%        3
 Lesser Beckoning         Tloc           11%        N/A       100%        3
 Teleport Other           Tloc           11%        N/A       100%        3
 Flame Wave               Conj/Fire      1%         2d4       100%        4
 Manifold Assault         Tloc           11%        N/A       100%        5
 Summon Cactus Giant      Summ           0%         N/A       100%        6
 Blink                    Tloc           Unusable   N/A       N/A         2

Dungeon Overview and Level Annotations

Branches:
Dungeon (4/15)
 Temple: D:4-7

Altars:
Qazlal

Shops:
D:1 *   D:4 !


Innate Abilities, Weirdness & Mutations

You cannot be hasted, slowed, berserked, paralysed or teleported.
You can dig through walls and to a lower floor.
You have a pair of large antennae on your head. (SInv)
Your four strong arms can wield two-handed weapons with a shield.


Message History

The wyvern is heavily wounded.
The wyvern bites you!
You hit the wyvern but do no damage.
The wyvern is heavily wounded.
The wyvern bites you.
* * * LOW HITPOINT WARNING * * *
The wyvern bites you but does no damage.
It was a potion of attraction.
You feel attractive to monsters.
The wyvern bites you but does no damage.
It was a potion of degeneration.
There was something very wrong with that liquid.
You feel weakened.
You feel dopey.
You feel clumsy.
The wyvern bites you but does no damage.
The wyvern bites you.
* * * LOW HITPOINT WARNING * * *
It was a potion of curing.
You feel better.
The wyvern bites you but does no damage.
It was a potion of cancellation.
Your magical effects are unravelling.
You feel magically purged.
The wyvern bites you but does no damage.
The wyvern bites you.
You feel less attractive to monsters.
You hit the wyvern but do no damage.
The wyvern is heavily wounded.
The wyvern bites you!
* * * LOW HITPOINT WARNING * * *
You hit the wyvern.
The wyvern is severely wounded.
The wyvern bites you but does no damage.
The wyvern bites you.
* * * LOW HITPOINT WARNING * * *
You closely miss the wyvern.
The wyvern is severely wounded.
The wyvern bites you but does no damage. x2
Unknown command.
You hit the wyvern.
The wyvern is severely wounded.
The wyvern bites you!
You die...

.................
.................
.................
#..####.####..##. ....
###+####.######### ....
#....#...#......# .....
#.[..#...#......# .....
#....#...'......#
......#@..##...##....##
......#l..##...##....##
..l...'....#..........#
......#...##...##.....#
......#...##...##.....#
..... #...).....'.....#
..... #...##...##....##
.... #...##...##....#
.... #...............#


You could see a wyvern.

Vanquished Creatures
  A black bear (D:4)
  An ogre (D:4)
  A scorpion (D:4)
  A water moccasin skeleton (D:4)
  6 wights
  A hound (D:4)
  2 orc priests
  A jelly (D:4)
  Terence (D:1)
  An iguana (D:3)
  2 orc wizards (D:3)
  3 adders (D:3)
  An ufetubus (D:4)
  4 worms
  A dart slug (D:3)
  12 orcs
  9 endoplasms
  A giant cockroach (D:1)
  13 goblins
  4 hobgoblins
  4 jackals
  10 kobolds
  2 quokkas
  8 ball pythons
  6 bats
  2 frilled lizards (D:3)
  3 rats
101 creatures vanquished.

Notes
Turn   | Place    | Note
-------+----------+-------------------------------------------
     0 | D:1      | Descartes the Formicid Warper began the quest for the Orb.
     0 | D:1      | Reached XP level 1. HP: 16/16 MP: 3/3
   441 | D:1      | Reached XP level 2. HP: 18/23 MP: 5/5
  1056 | D:1      | Reached XP level 3. HP: 3/28 MP: 6/6
  1477 | D:1      | Found Ruadar's General Store.
  1785 | D:2      | Found a faded altar of an unknown god.
  1882 | D:2      | Noticed Terence
  1896 | D:1      | Killed Terence
  1897 | D:1      | Reached XP level 4. HP: 22/34 MP: 7/7
  2048 | D:2      | Found a stormy altar of Qazlal.
  2444 | D:2      | Reached skill level 3 in Fighting
  2928 | D:3      | Reached skill level 1 in Polearms
  2928 | D:3      | Reached XP level 5. HP: 32/41 MP: 8/8
  3703 | D:3      | Reached XP level 6. HP: 37/47 MP: 9/9
  4489 | D:4      | Noticed a black bear
  4498 | D:4      | Killed a black bear
  4499 | D:4      | Reached skill level 4 in Fighting
  4675 | D:4      | Reached XP level 7. HP: 47/54 MP: 10/10
  4776 | D:4      | Found Pemmiemeu's Distillery.
  5726 | D:4      | Reached XP level 8. HP: 23/61 MP: 11/11
  6061 | D:4      | You fall into a shaft and drop 3 floors!
  6081 | D:7      | Reached skill level 5 in Fighting
  6453 | D:7      | Identified a scroll of acquirement
  6455 | D:7      | Acquired the +1 crystal plate armour of Yleat {+Blink rC+++
                  | Slay-2}
  6469 | D:7      | Noticed a wyvern
  6495 | D:7      | Mangled by a wyvern

Illustrated notes

Levels and vault maps discovered:
D:1:      eino_arrival_cavern_c, layout_loops_cross, serial_shops, shop,
          minmay_misc_feat_alley, minmay_misc_feat_rows
D:2:      layout_basic, ebering_ecumenical_altar_rust, basic_altar, uniq_terence
D:3:      layout_loops_ring, hangedman_decor_points
D:4:      minmay_octagon_keep, layout_loops_ring, serial_shops,
          nicolae_inconvenience_store
D:7:      layout_gridville

Skill      XL: |  1  2  3  4  5  6  7  8 |
---------------+-------------------------+-----
Translocations | 3 4 |  4.7
Armour         | 2 3 4 |  4.6
Fighting       | 3 4 5 |  5.0
Polearms       | 1 2 3 |  3.7
Axes           | 3 |  3.4
Throwing       | |  1.0
Dodging        | |  1.7
Spellcasting   | |  2.1

Action                   |  1- 3 |  4- 6 |  7- 9 || total
-------------------------+-------+-------+-------++-------
Melee: Hand axe          |    69 |       |    14 ||    83
       Spear             |    16 |   179 |   111 ||   306
       Punch             |       |     1 |     1 ||     2
Throw: Boomerang         |       |       |     1 ||     1
 Abil: Dig               |       |       |     1 ||     1
  Use: Potion            |       |       |     5 ||     5
       Scroll            |       |       |     7 ||     7
Armor: Leather armour    |    22 |       |       ||    22
       Plate armour      |     6 |   115 |    54 ||   175
       Crystal plate arm |       |       |    16 ||    16
Dodge: Dodged            |    47 |    33 |    19 ||    99
